Map: Terrasses de Prion

Players

Wizzi

  • Race: Zerg Zerg
  • League: Silver
  • Spawn Location: 11:00

zidar - Winner!

  • Race: Zerg Zerg
  • League: Silver
  • Spawn Location: 5:00

VOD

Have the link to the VOD?

Description

Time

  • Played on: Dec. 16, 2015, 1:53 p.m.
  • Length: 3:35
Show
View Real Time Build Order
Export as new Build Order

Wizzi Zerg 

Build Orders: Pool First 

Get SALT Encoding   

  12  0:02  Drone  
  13  0:17  Overlord  
  13  0:18  Drone  
  14  0:22  Extractor  
  13  0:29  Drone  
  14  0:36  Drone  
  14  0:41  Drone  
  16  0:51  Drone  
  16  0:56  Spawning Pool  
  16  1:03  Drone  
  17  1:14  Drone  
  18  1:32  Hatchery  
  17  1:43  Zergling x4  
  17  1:44  Zergling x2  
  17  1:45  Metabolic Boost  
  20  1:58  Queen  
  22  2:03  Overlord  
  22  2:22  Drone x2  
  24  2:28  Roach Warren  
  23  2:38  Drone x2  
  25  2:44  Extractor  
  25  2:47  Queen  
  26  2:52  Zergling x2  
  26  2:53  Zergling x2  
  25  3:08  Roach x3  
Show
View Real Time Build Order
Export as new Build Order

zidar Zerg - Winner!

Build Orders: Pool Only 

Get SALT Encoding   

  12  0:02  Drone  
  13  0:09  Drone  
  14  0:15  Extractor  
  14  0:16  Drone  
  14  0:33  Spawning Pool  
  13  0:41  Drone  
  14  0:45  Overlord  
  14  0:55  Overlord  
  14  1:20  Zergling x2  
  14  1:21  Queen  
  14  1:24  Metabolic Boost  
  17  1:29  Zergling x2  
  18  1:33  Zergling x2  
  18  1:39  Zergling x2  
  20  1:46  Zergling x2  
  21  1:55  Zergling x2  
  22  2:05  Zergling x2  
  23  2:25  Zergling x2  
  25  2:44  Zergling x8  
Tags
 
Add a new tag
Caveats
  • Supply blocks, unpowered buildings, or Contaminate may cause inaccurate times.
  • Supply counts are checked every 10 seconds.